 Dungeon Crawl Stone Soup version 0.20.1-1-g8b1a95d (webtiles) character file.

1415 n0claF the Thaumaturge (level 8, -1/42 HPs)
             Began as a Deep Elf Fire Elementalist on Oct 30, 2017.
             Slain by an ogre
             ... wielding a +0 giant club
              (18 damage)
             ... on level 6 of the Dungeon.
             The game lasted 00:33:28 (5048 turns).

n0claF the Thaumaturge (Deep Elf Fire Elementalist) Turns: 5048, Time: 00:33:28

Health: -1/42      AC:  6    Str:  7 (10) XL:     8   Next: 43%
Magic:  0/31       EV: 13    Int: 27 (28) God:
Gold:   299        SH:  0    Dex: 10 (13) Spells: 11/24 levels left

rFire    . . .     SeeInvis .   u - +0 spear (distort)
rCold    . . .     Gourm    .   (no shield)
rNeg     . . .     Faith    .   a - +0 robe
rPois    .         Spirit   .   (no helmet)
rElec    .         Reflect  .   e - +0 cloak
rCorr    +         Harm     .   (no gloves)
MR       .....                  q - +0 pair of boots
Stlth    ++........             (no amulet)
Regen    0.2/turn               h - ring of magical power
MPRegen  0.3/turn               x - ring of resist corrosion

@: mighty, brilliant, very slightly contaminated
A: yellow scales 1, clumsy 1
a: no special abilities


You were on level 6 of the Dungeon.
You were not hungry.

You visited 1 branch of the dungeon, and saw 6 of its levels.

You collected 299 gold pieces.

Inventory:

Hand Weapons
 u - a +0 spear of distortion (weapon)
 z - a +2 dagger of speed
Armour
 a - a +0 robe (worn)
 e - a +0 cloak (worn)
 q - a +0 pair of boots (worn)
Jewellery
 h - a ring of magical power (left hand)
 j - an uncursed ring of ice
 v - an uncursed ring of protection from cold
 x - a ring of resist corrosion (right hand)
 C - an uncursed amulet of faith {unknown}
Wands
 l - a wand of clouds (3/9)
 y - a wand of confusion (13/48)
Scrolls
 d - 3 scrolls of remove curse
 s - 2 scrolls of magic mapping
 t - 2 scrolls of fear {unknown}
Potions
 i - 2 potions of curing
 p - a potion of might
 r - 4 potions of agility {unknown}
 w - a potion of magic {unknown}
 B - a potion of berserk rage {unknown}
Books
 b - a book of Flames

   Spells                             Type                      Level
   a - Flame Tongue                   Conjuration/Fire             1
   b - Throw Flame                    Conjuration/Fire             2
   c - Conjure Flame                  Conjuration/Fire             3
   d - Inner Flame                    Hexes/Fire                   3
   e - Sticky Flame                   Conjuration/Fire             4
   f - Fireball                       Conjuration/Fire             5
Comestibles
 m - 2 royal jellies
 A - a meat ration


   Skills:
 + Level 0.7 Fighting
 + Level 0.7 Polearms
 + Level 3.4 Dodging
 + Level 3.6 Stealth
 + Level 8.6 Spellcasting
 + Level 5.7 Conjurations
 + Level 6.8 Fire Magic


You had 11 spell levels left.
You knew the following spells:

 Your Spells              Type           Power        Failure   Level  Hunger
a - Flame Tongue          Conj/Fire      #####        1%          1    None
b - Conjure Flame         Conj/Fire      ######..     1%          3    None
c - Sticky Flame          Conj/Fire      ######..     1%          4    #......
d - Fireball              Conj/Fire      ######....   1%          5    ####...


Dungeon Overview and Level Annotations

Branches:
Dungeon (6/15)
 Temple: D:4-7

Altars:
Xom

Portals:
Sewer: D:6


Innate Abilities, Weirdness & Mutations

You are partially covered in yellow scales. (AC +2)
You are clumsy. (Dex -2)


Message History

You feel clumsy.
Yellow scales grow over part of your body.
You eat the bread ration.
That bread ration really hit the spot!
The ogre barely misses you.
It was a potion of curing.
You feel better. The ogre hits you with a giant club!
It was a potion of degeneration.
There was something very wrong with that liquid.
You feel weakened.
You feel dopey.
You feel clumsy. The ogre hits you with a giant club.
It was a potion of brilliance.
You feel clever all of a sudden.
The orc shouts!
The ogre hits you with a giant club! The eye of draining gazes at you.
You feel your power leaking away.
It was a potion of might.
You feel very mighty all of a sudden. The ogre hits you with a giant club!!
You die...

*****
*,**#.#***#..#≈≈≈#..##.#...
*,* #.# #..#≈≈≈#.S##.##..
*,* #.# #..#≈∩≈#.o##.so..
*,* #.# ##.#≈≈≈#..#####S#
##.###.######.#≈o≈#..#####.#
#.......).....##'##.SoS.s..#
*,,,,#....)....s÷...######.#
*,,,,#........####..# #....
*,,,,#....O@..# ##.# #....
*****#....G...#***#.#* #....
##########,,,)..* ##...
*,,,...#* #... *,,,....*
#... *,,...#.# #...
*,,,,,*,**#...
*,,,,,*,,*##.#
*,,,,,**,**#.#


You could see an eye of draining, an ogre, an orc and a giant cockroach.

Vanquished Creatures
  A hippogriff (D:6)
  Sigmund (D:4)
  A water moccasin (D:6)
  A centaur (D:4)
  A bullfrog (D:6)
  A water moccasin zombie (D:5)
  2 scorpions
  A howler monkey (D:4)
  A crimson imp (D:5)
  3 hounds
  A jelly (D:5)
  2 orc priests
  2 bullfrog skeletons
  An orc wizard (D:4)
  Ijyb (D:3)
  2 worker ants
  A howler monkey zombie (D:5)
  7 gnolls
  11 adders
  5 worms
  A dart slug (D:1)
  A leopard gecko (D:6)
  11 orcs
  2 ball pythons (D:4)
  5 giant cockroaches
  15 goblins
  3 hobgoblins
  5 jackals
  13 kobolds
  2 quokkas (D:3)
  6 bats
  8 frilled lizards
  6 rats
  3 plants (D:5)
127 creatures vanquished.

Notes
Turn   | Place    | Note
-------+----------+-------------------------------------------
     0 | D:1      | n0claF the Deep Elf Fire Elementalist began the quest for the Orb.
     0 | D:1      | Reached XP level 1. HP: 10/10 MP: 6/6
    90 | D:1      | Reached XP level 2. HP: 15/15 MP: 2/8
   720 | D:1      | Reached XP level 3. HP: 19/19 MP: 10/10
   728 | D:1      | Learned a level 3 spell: Conjure Flame
  1351 | D:2      | Reached skill level 4 in Spellcasting
  1374 | D:2      | Reached XP level 4. HP: 24/24 MP: 12/12
  2196 | D:3      | Reached skill level 5 in Spellcasting
  2202 | D:3      | Reached XP level 5. HP: 19/28 MP: 9/14
  2371 | D:3      | Noticed Ijyb
  2404 | D:3      | Killed Ijyb
  2946 | D:4      | Reached skill level 5 in Fire Magic
  2946 | D:4      | Reached XP level 6. HP: 26/32 MP: 4/16
  2971 | D:4      | Noticed Sigmund
  3253 | D:4      | Reached skill level 6 in Spellcasting
  3332 | D:4      | Found a shimmering altar of Xom.
  3614 | D:4      | Reached XP level 7. HP: 36/36 MP: 18/18
  3629 | D:4      | Learned a level 4 spell: Sticky Flame
  3635 | D:4      | Learned a level 5 spell: Fireball
  3821 | D:4      | Killed Sigmund
  3821 | D:4      | Reached skill level 7 in Spellcasting
  3901 | D:5      | Entered Level 5 of the Dungeon
  4582 | D:6      | Noticed a hippogriff
  4591 | D:6      | Killed a hippogriff
  4591 | D:6      | Reached skill level 5 in Conjurations
  4591 | D:6      | Reached XP level 8. HP: 42/42 MP: 18/21
  4678 | D:6      | Reached skill level 8 in Spellcasting
  4699 | D:6      | Found a glowing drain.
  4992 | D:6      | HP: 1/42 [water moccasin (8)]
  5042 | D:6      | Gained mutation: You are clumsy. (Dex -2) [potion of mutation]
  5042 | D:6      | Gained mutation: You are partially covered in yellow scales. (AC +2) [potion of mutation]
  5048 | D:6      | Slain by an ogre

Skill      XL: |  1  2  3  4  5  6  7  8 |
---------------+-------------------------+-----
Fire Magic     | 4 5 6 |  6.8
Spellcasting   | 4 5 6 7 8 |  8.6
Conjurations   | 2 3 4 5 |  5.7
Stealth        | 3 |  3.6
Dodging        | 3 |  3.4
Fighting       | |  0.7
Polearms       | |  0.7

Action                   |  1- 3 |  4- 6 |  7- 9 || total
-------------------------+-------+-------+-------++-------
Melee: Spear             |       |       |     1 ||     1
 Cast: Flame Tongue      |    69 |   127 |    95 ||   291
       Conjure Flame     |     3 |    11 |    10 ||    24
       Fireball          |       |       |     5 ||     5
       Sticky Flame      |       |       |     2 ||     2
  Use: Scroll            |       |     3 |     3 ||     6
       Potion            |       |       |     6 ||     6
  Eat: Chunk             |     1 |     8 |       ||     9
       Bread ration      |       |       |     2 ||     2
Armor: Robe              |       |     5 |    12 ||    17
Dodge: Dodged            |    10 |    28 |    43 ||    81
